 Dungeon Crawl Stone Soup version 0.30-b1-2-g02819fbbbe (webtiles) character file.

Game seed: 11434138616353062523

857 Arcadio the Ducker (level 8, -11/58 HPs)
             Began as a Djinni Fire Elementalist on May 17, 2023.
             Was an Initiate of Makhleb.
             Shot with an arrow by a centaur (13 damage)
             ... on level 6 of the Dungeon.
             The game lasted 00:09:29 (4928 turns).

Arcadio the Ducker (Djinni Fire Elementalist)       Turns: 4928, Time: 00:09:29

Health: -11/58     AC:  3    Str:  7    XL:     8   Next: 22%
Gold:   191        EV: 14    Int: 18    God:    Makhleb [......] SH:  0 Dex: 15

rFire   + + .        m - +4 short sword
rCold   . . .        (no shield)
rNeg    . . .        a - +0 robe
rPois   ∞            h - +0 helmet
rElec   .            (no cloak)
rCorr   .            (no gloves)
SInv    .            (boots unavailable)
Will    .....        (no amulet)
Stlth   ++           u - ring of protection from cold
HPRegen 0.29/turn    (no ring)
MPRegen 0.00/turn

%: infuse magic (-12 HP)
@: flying
A: sickness immunity, fire resistance 2, cold vulnerability 1, float, innate
caster, HP casting, extra vitality 1
a: Renounce Religion


You were on level 6 of the Dungeon.
You worshipped Makhleb.
Makhleb was noncommittal.
You visited 2 branches of the dungeon, and saw 7 of its levels.

You collected 191 gold pieces.

Inventory:

Hand Weapons
 m - a +4 short sword (weapon)
Armour
 a - a +0 robe (worn)
 h - a +0 helmet (worn)
Jewellery
 u - a ring of protection from cold (left hand)
Scrolls
 b - a scroll of vulnerability
 e - 2 scrolls of fear
 f - a scroll of enchant armour
 i - a scroll of teleportation
 k - a scroll of magic mapping {unknown}
 l - a scroll of blinking
 n - a scroll of summoning {unknown}
 o - a scroll of poison {unknown}
 p - a scroll of torment {unknown}
 q - 2 scrolls of amnesia {unknown}
 r - a scroll of enchant weapon {unknown}
 s - a scroll of immolation
 x - a scroll of silence {unknown}
Potions
 c - 8 potions of curing
 d - a potion of magic
 g - 2 potions of attraction
 j - a potion of might
 t - 2 potions of lignification {unknown}
 v - a potion of flight {unknown}
 w - 2 potions of heal wounds {unknown}


   Skills:
 + Level 4.8 Fighting
 + Level 5.9 Dodging
 - Level 1.5 Stealth
 + Level 4.5 Spellcasting


You knew the following spells:

 Your Spells              Type           Power      Damage    Failure   Level
a - Foxfire               Conj/Fire      80%        2x1d8     2%          1
b - Scorch                Fire           40%        2d7       3%          2
c - Volatile Blastmotes   Fire/Tloc      40%        2d13      6%          3
d - Inner Flame           Hex/Fire       20%        N/A       6%          3
e - Flame Wave            Conj/Fire      20%        2d7       22%         4
f - Apportation           Tloc           40%        N/A       2%          1
g - Passwall              Tmut/Erth      16%        N/A       3%          2
h - Blink                 Tloc           40%        N/A       3%          2
Your spell library was empty.

Dungeon Overview and Level Annotations

Branches:
Dungeon (6/15) Zot: 26906  Temple (1/1) D:5 Zot: 5763

Altars:
Ashenzari
Cheibriados
Dithmenos
Elyvilon
Fedhas
Gozag
Hepliaklqana
Makhleb
Nemelex Xobeh
Okawaru
Qazlal
Ru
Uskayaw
Wu Jian
Xom
Yredelemnul
Zin
The Shining One

Shops:
D:1 [


Innate Abilities, Weirdness & Mutations

You are immune to sickness and miasma.
You are immune to poison.
Your flesh is very heat resistant. (rF++)
You are vulnerable to cold. (rC-)
You float through the air rather than walking.
You learn spells naturally, not from books.
Your magical power is your life essence.
You have superior vitality. (+4 MHP)


Message History

Casting: Scorch (safe; 3% risk of failure)
Confirm with . or Enter, or press ? or * to list all spells.
Flames lash the orc.
The orc is burned terribly!
You kill the orc!
Makhleb accepts your kill.
HP restored.
x - a scroll labelled ASCHANK ZISOGIY A white imp comes into view.
The white imp shouts, "Embrace thy dedition, thou reeling-ripe clapper-clawed boar-pig!"
You hear a shout!
A centaur comes into view.
You hear a shout! x2
Found an ornate altar of the Wu Jian Council.
The centaur wields a +0 shortbow.
The centaur shoots an arrow.
The arrow hits you!
Casting: Scorch (safe; 3% risk of failure)
Confirm with . or Enter, or press ? or * to list all spells.
Flames lash the white imp.
The white imp is burned terribly!
The white imp is moderately wounded.
The white imp's fire resistance burns away.
The centaur shoots an arrow.
The arrow hits you!
The centaur shoots an arrow.
The arrow misses you.
Casting: Scorch (safe; 3% risk of failure)
Confirm with . or Enter, or press ? or * to list all spells.
Flames lash the white imp.
The white imp is burned terribly!
The white imp is almost dead.
You hear a shout!
The white imp gestures at you. The puff of frost hits you!
The centaur shoots an arrow.
The arrow barely misses you. The white imp attacks as you move away!
The white imp barely misses you. The white imp gestures at you.
The puff of frost hits you!
A gnoll sergeant comes into view. It is wielding a +0 trident.
The white imp grins evilly.
The white imp disappears for a moment.
The centaur shoots an arrow.
The arrow hits you!
* * * LOW HITPOINT WARNING * * *
The centaur shoots an arrow.
The arrow hits you!
You die...

≈≈≈ .. ≈≈≈. ## .. ...?.#.
.# ##....?#### .# #.#
.......g..# ##.# #.#
###.#####c###..# #.#
#...#.## #.# ###5...# #.#
.#### ###.@### #.#
......#......#####.#
......#.####....##.##
#.......#######..#..#####
.....#....####.........<#
#......##...............#
......# ######:....))...#
###... #..........# #.#.
#:.........#


You could see a gnoll sergeant, a centaur and a white imp (combustible).

Vanquished Creatures
  2 ice beasts (D:5)
  A black bear (D:5)
  An ogre (D:4)
  A centaur (D:5)
  A phantom (D:4)
  A howler monkey (D:5)
  A gnoll bouda (D:5)
  An orc priest (D:4)
  An iguana (D:4)
  2 orc wizards (D:5)
  5 gnolls
  3 adders
  4 worms
  2 dart slugs (D:5)
  12 orcs
  5 bats
  4 endoplasms
  3 giant cockroaches
  5 hobgoblins
  A quokka (D:3)
  12 ball pythons
  3 frilled lizards
  3 goblins
  8 kobolds
  6 rats
88 creatures vanquished.

Vanquished Creatures (others)
  119 foxfires
119 creatures vanquished.

Grand Total: 207 creatures vanquished

Notes
Turn   | Place    | Note
-------+----------+-------------------------------------------
     0 | D:1      | Arcadio the Djinni Fire Elementalist began the quest for
                  | the Orb.
     0 | D:1      | Arcadio set off with the following spells memorised:
                  | Foxfire, Scorch, Volatile Blastmotes, Inner Flame, Flame
                  | Wave.
     0 | D:1      | Reached XP level 1. HP: 15/15 MP: 0/0
   301 | D:1      | Reached XP level 2. HP: 20/22 MP: 0/0
   404 | D:1      | Found Dorracec's Armour Shop.
   553 | D:1      | Reached skill level 1 in Fighting
   722 | D:2      | Found a sacrificial altar of Ru.
   808 | D:2      | Reached XP level 3. HP: 17/27 MP: 0/0
   808 | D:2      | Learned a level 1 spell: Apportation
  1343 | D:2      | Reached skill level 3 in Dodging
  1455 | D:2      | Reached XP level 4. HP: 31/33 MP: 0/0
  2156 | D:4      | Noticed an ogre
  2326 | D:4      | Killed an ogre
  2327 | D:4      | Reached XP level 5. HP: 35/39 MP: 0/0
  2327 | D:4      | Learned a level 2 spell: Passwall
  2338 | D:4      | Reached skill level 4 in Dodging
  2338 | D:4      | Reached XP level 6. HP: 39/45 MP: 0/0
  2933 | D:5      | Entered Level 5 of the Dungeon
  2933 | D:5      | Noticed a black bear
  2982 | D:5      | Noticed an ice beast
  3069 | D:5      | Killed a black bear
  3070 | D:5      | Reached XP level 7. HP: 25/51 MP: 0/0
  3070 | D:5      | Learned a level 2 spell: Blink
  3135 | D:5      | Reached skill level 5 in Dodging
  3673 | D:5      | Found a staircase to the Ecumenical Temple.
  3682 | Temple   | Entered the Ecumenical Temple
  3897 | Temple   | Became a worshipper of Makhleb the Destroyer
  4611 | D:5      | Reached XP level 8. HP: 45/58 MP: 0/0
  4919 | D:6      | Found an ornate altar of the Wu Jian Council.
  4928 | D:6      | HP: 2/58 [centaur/arrow (11)]
  4928 | D:6      | Shot with an arrow by a centaur

Illustrated notes

Levels and vault maps discovered:
D:1:      roderic_dead_forest, layout_basic, serial_shops,
          nicolae_shop_temple_entry_statues_fountains
D:2:      layout_loops_corners, basic_altar
D:3:      layout_rooms
D:4:      dreamdust_elfheim, layout_gridville
D:5:      layout_cave_pods, minmay_temple_entry_large_hall,
          cheibrodos_sewer_entry_bend
D:6:      layout_rooms, mainiacjoe_overflow_catwalk, uniq_grinder
Temple:   roderic_octagonal_lattice_temple

Skill      XL: |  1  2  3  4  5  6  7 |
---------------+----------------------+-----
Fighting       | 1 2 3 4 |  4.8
Dodging        | 3 4 5 |  5.9
Spellcasting   | 3 4 |  4.5
Stealth        | |  1.5

Action                     |  1- 3 |  4- 6 |  7- 9 || total
---------------------------+-------+-------+-------++-------
  Melee: Unarmed           |     1 |       |       ||     1
         Short sword       |       |     2 |       ||     2
   Cast: Foxfire           |    51 |    20 |     3 ||    74
         Scorch            |     1 |    44 |    64 ||   109
         Volatile Blastmot |       |     1 |       ||     1
    Use: Scroll            |     1 |     9 |     1 ||    11
         Potion            |       |       |     2 ||     2
   Stab: Sleeping          |       |     1 |       ||     1
 Armour: Robe              |     6 |     2 |     2 ||    10
  Dodge: Dodged            |    24 |     7 |    39 ||    70
